 Dungeon Crawl Stone Soup version 0.20.1-1-g8b1a95d (webtiles) character file.

67 kae the Insei (level 3, -7/29 HPs)
             Began as a Demonspawn Gladiator on Sept 14, 2017.
             Mangled by Crazy Yiuf
             ... wielding a +4 quarterstaff of chaos
              (8 damage)
             ... on level 2 of the Dungeon.
             The game lasted 00:02:39 (2535 turns).

kae the Insei (Demonspawn Gladiator)                Turns: 2535, Time: 00:02:40

Health: -7/29      AC:  5    Str: 14    XL:     3   Next: 98%
Magic:  3/3        EV: 12    Int:  9    God:
Gold:   92         SH:  0    Dex: 15    Spells: 2/2 levels left

rFire    . . .     SeeInvis .     - Unarmed
rCold    . . .     Gourm    +   (no shield)
rNeg     . . .     Faith    .   a - +0 leather armour
rPois    .         Spirit   .   (helmet restricted)
rElec    .         Reflect  .   (no cloak)
rCorr    .         Harm     .   (no gloves)
MR       .....                  (no boots)
Stlth    +.........             o - amulet of the gourmand
Regen    0.1/turn               (no ring)
MPRegen  0.1/turn               (no ring)

@: drained
A: antennae 1, yellow scales 1
a: no special abilities


You were on level 2 of the Dungeon.
You were very hungry.

You visited 1 branch of the dungeon, and saw 2 of its levels.

You collected 92 gold pieces.

Inventory:

Missiles
 c - 3 throwing nets (quivered)
Armour
 a - a +0 leather armour (worn)
 b - a +0 helmet
Jewellery
 k - an uncursed amulet of faith
 o - an amulet of the gourmand (around neck)
Scrolls
 g - a scroll of remove curse
Potions
 e - 2 potions of agility
 f - a potion of berserk rage
 j - a potion of brilliance {unknown}
 l - a potion of lignification {unknown}
Comestibles
 d - a bread ration
 i - a meat ration


   Skills:
 + Level 3.3(2.6) Fighting
 - Level 1.7(1.1) Throwing
 - Level 2.6(2.0) Dodging
 * Level 3.6(3.0) Unarmed Combat


You had 2 spell levels left.
You didn't know any spells.

Dungeon Overview and Level Annotations

Branches:
Dungeon (2/15)

Altars:

Annotations:
D:2 Crazy Yiuf


Innate Abilities, Weirdness & Mutations

You have a pair of small antennae on your head.
You are partially covered in yellow scales. (AC +2)


Message History

Crazy Yiuf is heavily wounded.
You hit Crazy Yiuf.
Crazy Yiuf is severely wounded.
Crazy Yiuf hits you with a quarterstaff of chaos!
Crazy Yiuf freezes you.
* * * LOW HITPOINT WARNING * * *
You barely miss Crazy Yiuf.
Crazy Yiuf is severely wounded.
Crazy Yiuf hits you with a quarterstaff of chaos.
* * * LOW HITPOINT WARNING * * *
You feel drained.
* * * LOW HITPOINT WARNING * * *
You hit Crazy Yiuf but do no damage.
Crazy Yiuf is severely wounded.
Crazy Yiuf hits you with a quarterstaff of chaos.
* * * LOW HITPOINT WARNING * * *
You hit Crazy Yiuf.
Crazy Yiuf is almost dead.
Crazy Yiuf hits you with a quarterstaff of chaos!
You die...

#.# #.#######.# #.# #.# #.#
#.#####.# ########.# #.#
#.......# .........# ###
####.#### ########### #.#
#.......# #.#### #.####### ####
♣♣##....# #.# #)..#♣♣
♣♣.....#.# ##.##
#..g@.♣♣♣♣......#.# ##...#####
#...#♣..♣......##.# ...#.....##
#### ♣♣♣.♣....###.# .#...###..#
♣♣♣♣♣### #.# .##.####### #.#
.##.# #...###################.#
###.###.####...........>......#
................###############
#################


You could see Crazy Yiuf.

Vanquished Creatures
  An adder (D:2)
  A worm (D:2)
  2 dart slugs
  A leopard gecko (D:2)
  7 bats
  3 giant cockroaches
  8 goblins
  6 hobgoblins
  3 jackals (D:1)
  4 frilled lizards (D:1)
  5 kobolds
  5 rats
46 creatures vanquished.

Notes
Turn   | Place    | Note
-------+----------+-------------------------------------------
     0 | D:1      | kae the Demonspawn Gladiator began the quest for the Orb.
     0 | D:1      | Reached XP level 1. HP: 16/16 MP: 1/1
   200 | D:1      | Gained mutation: You have a pair of small antennae on your head. [demonic ancestry]
   200 | D:1      | Reached XP level 2. HP: 23/23 MP: 2/2
  1038 | D:1      | Gained mutation: You are partially covered in yellow scales. (AC +2) [demonic ancestry]
  1038 | D:1      | Reached XP level 3. HP: 29/29 MP: 3/3
  2227 | D:2      | Found a runed door.
  2523 | D:2      | Noticed Crazy Yiuf
  2534 | D:2      | HP: 1/29 [Crazy Yiuf/quarterstaff of chaos (2)]
  2535 | D:2      | Mangled by Crazy Yiuf

Skill      XL: |  1  2 |
---------------+-------+-----
Unarmed Combat | 3 |  3.6
Fighting       | 3 |  3.3
Throwing       | |  1.7
Dodging        | |  2.6

Action                   || total
-------------------------++-------
Melee: Unarmed           ||   245
       Punch             ||     3
  Use: Scroll            ||     6
       Potion            ||     1
 Stab: Sleeping          ||     1
  Eat: Chunk             ||     4
Armor: Leather armour    ||    82
Dodge: Dodged            ||   196
